AoeStats
← njr0210

Hideout

510106792Analyzed
1v1 RM · 4d ago on Sep 29, 2026· 35m 27s· 2 players
Game mode
Random Map
Map size
Tiny (2 player)
Population
200
Speed
Normal
Resources
Standard
Victory
Conquest
Starting age
Dark Age
Ending age
Imperial Age
RankedLock teamsTeams togetherTeam positionsShared explorationLock speedFull tech treeHidden civsTurbo modeCheats
Victory
Defeat
🇮🇹 Saxons · Italy
809
+14
🇬🇧 Bohemians · United Kingdom
770
-14
njr0210
10:08 Feudal Age
8:25 Loom
11:38 Double-Bit Axe
17:41 Castle Age
16:43 Fletching
18:10 Elite Skirmisher
21:23 Padded Archer Armor
22:53 Pikeman
24:56 Squires
27:27 Chemistry
27:07 Bodkin Arrow
29:08 Bow Saw
32:27 Ballistics
31:56 Town Watch
roccgnv
10:53 Feudal Age
11:31 Double-Bit Axe
11:29 Horse Collar
14:57 Loom
17:55 Castle Age
16:27 Stone Mining
17:50 Scale Mail Armor
19:01 Forging
19:53 Bow Saw
19:53 Man-at-Arms
23:33 Wheelbarrow
23:13 Gold Mining
25:58 Long Swordsman
28:22 Iron Casting
27:53 Scale Barding Armor
28:40 Chain Mail Armor
27:51 Light Cavalry
29:53 Bloodlines
33:28 Imperial Age
31:58 Chain Barding Armor
31:44 Husbandry
31:56 Fletching
36:11 Conscription
Connection lost

Rejoining the realm…

Still unreachable

The connection could not be restored.

Session expired

The server has moved on; the page needs a fresh start.